 Adventure DCSS version bcrawl-1.20 (webtiles) character file.

Game seed: 8799843936992334355

1892 pasperui the Grappler (level 9, 74/74 HPs)
             Began as a Gnoll Reaver on Jan 5, 2020.
             Was a Priest of Vehumet.
             Got out of the dungeon alive.
             The game lasted 00:24:03 (7226 turns).

pasperui the Grappler (Gnoll Reaver)                Turns: 7226, Time: 00:24:04

Health: 74/74      AC:  5    Str: 15    XL:     9   Next: 15%
Magic:  19/19      EV: 17    Int: 19    God:    Vehumet [***...]
Gold:   412        SH:  0    Dex: 13    Spells: 14/22 levels left
                                        Lives:  0   Deaths: 2

rFire    . . .     SeeInvis .     - Unarmed
rCold    . . .     Gourm    .   (no shield)
rNeg     + . .     Faith    .   u - +1 robe {MR+}
rPois    .         Spirit   .   n - +0 helmet
rElec    .         Reflect  .   (no cloak)
rCorr    .         Harm     .   G - +0 pair of gloves
MR       +....                  (no boots)
Stlth    +++.......             (no amulet)
HPRegen  0.22/turn              y - ring of positive energy
MPRegen  0.16/turn              (no ring)

@: no status effects
A: distributed training, fangs 1, strong nose
a: Renounce Religion


You escaped.
You worshipped Vehumet.
Vehumet was most pleased with you.
You were not hungry.

You visited 2 branches of the dungeon, and saw 8 of its levels.

You collected 412 gold pieces.

Inventory:

Hand Weapons
 h - a +0 short sword of flaming
 m - a +0 rapier
 q - a -1 hunting sling
 r - a +0 trident
 A - a +0 battleaxe
 B - a +0 arbalest
Missiles
 e - 1075 stones (quivered)
 l - 298 bolts
 p - 804 sling bullets
 s - 46 tomahawks
 x - 538 arrows
Armour
 a - +1 steam dragon scales
 n - a +0 helmet (worn)
 u - a +1 robe of magic resistance (worn)
 G - a +0 pair of gloves (worn)
 J - the +0 leather armour of the Cockatrice {rElec rCorr Dex-4}
   (You found it on level 6 of the Dungeon)

   It affects your dexterity (-4).
   It insulates you from electricity.
   It provides partial protection from all sources of acid and corrosion.
Jewellery
 y - a ring of positive energy (left hand)
Scrolls
 b - a scroll of fog {unknown}
 c - 4 scrolls of immolation
 i - 2 scrolls of enchant weapon {unknown}
 k - a scroll of magic mapping
 o - 2 scrolls of teleportation
 v - 2 scrolls of identify
 D - a scroll of remove curse
 E - a scroll of fear {unknown}
 F - a scroll of amnesia {unknown}
Potions
 f - 7 potions of curing
 g - a potion of might {unknown}
 j - a potion of berserk rage {unknown}
 t - 3 potions of agility {unknown}
 w - a potion of magic {unknown}
 z - 2 potions of degeneration {unknown}
 C - 2 potions of haste
 H - a potion of heal wounds {unknown}
 I - 2 potions of invisibility {unknown}
 L - a potion of ambrosia {unknown}
Comestibles
 d - 11 rations {!d}


   Skills:
 + Level 8.2 Fighting
 + Level 4.9 Short Blades
 + Level 4.9 Long Blades
 + Level 4.9 Axes
 + Level 4.9 Maces & Flails
 + Level 4.9 Polearms
 + Level 4.9 Staves
 + Level 4.9 Slings
 + Level 4.9 Bows
 + Level 4.9 Crossbows
 + Level 4.9 Throwing
 + Level 4.9 Armour
 + Level 8.2 Dodging
 + Level 4.9 Stealth
 + Level 4.9 Shields
 + Level 8.2 Unarmed Combat
 + Level 7.1 Spellcasting
 + Level 4.0 Conjurations
 + Level 4.0 Hexes
 + Level 4.0 Charms
 + Level 4.0 Summonings
 + Level 4.0 Necromancy
 + Level 4.0 Translocations
 + Level 4.0 Transmutations
 + Level 4.0 Fire Magic
 + Level 4.0 Ice Magic
 + Level 4.0 Air Magic
 + Level 4.0 Earth Magic
 + Level 4.0 Poison Magic
 + Level 5.3 Invocations
 + Level 4.9 Evocations


You had 14 spell levels left.
You knew the following spells:

 Your Spells              Type           Power        Failure   Level  Hunger
a - Shock                 Conj/Air       ###..        1%          1    None
b - Stone Arrow           Conj/Erth      ###...       1%          3    #......
c - Yara's Violent Unrav  Hex/Tmut       ###.......   5%          4    ###....

Your spell library contained the following spells:

 Spells                   Type           Power        Failure   Level  Hunger
 Iskenderun's Battlesphe  Conj/Chrm      ###.....     14%         5    #####..


Dungeon Overview and Level Annotations

Branches:
Dungeon (7/12)             Temple (0/1) D:4            Lair (1/6) D:7

Altars:
Ashenzari
Cheibriados
Fedhas
Kikubaaqudgha
Okawaru
Sif Muna
Xom
Zin

Annotations:
Lair:1 Gastronok


Innate Abilities, Weirdness & Mutations

Your experience applies equally to all skills.
You have very sharp teeth.
Your uncanny sense of smell can sniff out nearby items.


Message History

a +0 robe; a +0 dagger HP restored.
There is a stone staircase leading up here.
You climb upwards.
There is a stone staircase leading down here.
Unknown command.
Press: ? - help, . - travel You can't see that place. [a rock wall.]
There is an open door here.
There is an open door here.
There is a stone staircase leading down here.
You see here a dagger.
You see here a whip.
There is an open door here.
You see here a +0 whip.
There is an open door here.
There is a staircase leading out of the dungeon here.
Are you sure you want to leave the Dungeon?
This will make you lose the game!
You have escaped!

.>....##.#.# #.# #.# #
###.####.#.# #.### #.# #
###......#.# #...# #.# ##
.######....# #.#.# #.# ##. ..##
#.#### #.#.###.# ##.. ...## #.#.#
########.).....###...
....###...###.......)....####....
....'.....#≈≈...............'.)..
....###...#≈≈...@....#...####....
...## #...#≈≈.......≈#..## ##...
..## ##.##≈≈......≈≈#.## ##.. .##
#.##≈≈≈....≈≈≈#.# ##. ##
#.##≈≈≈≈≈.≈≈≈≈#.# ## #
#.##≈≈≈≈≈≈≈≈≈≈### # #
#..###≈≈≈≈≈≈≈### # ##
#..)......)....# ## .##
#.############.# ##.


There were no monsters in sight!

Vanquished Creatures
  Grinder (D:6)
  A hippogriff (D:5)
  10 yaks
  Edmund (D:4)
  Duvessa (D:7)
  An ice beast (D:4)
  An eye of draining (D:5)
  3 sky beasts
  A necrophage (D:6)
  2 centaurs (D:5)
  2 ogres
  2 bullfrogs
  Dowan (D:7)
  A scorpion (D:4)
  2 crimson imps
  A bullfrog zombie (D:3)
  2 orc priests (D:3)
  A hound (D:4)
  4 orc wizards
  An iguana (D:3)
  2 worker ants
  3 adders
  2 oozes (D:1)
  An adder skeleton (D:6)
  4 worms
  4 dart slugs
  6 leopard geckos
  10 orcs
  5 giant cockroaches
  13 goblins
  7 hobgoblins
  3 jackals (D:3)
  9 kobolds
  4 quokkas
  4 ball pythons
  5 bats
  3 frilled lizards
  A quokka skeleton (D:4)
  A quokka zombie (D:5)
  5 rats
131 creatures vanquished.

Notes
Turn   | Place    | Note
-------+----------+-------------------------------------------
     0 | D:1      | pasperui the Gnoll Reaver began the quest for the Orb.
     0 | D:1      | Reached XP level 1. HP: 23/23 MP: 6/6
    98 | D:1      | Reached XP level 2. HP: 29/29 MP: 7/7
   443 | D:1      | Reached XP level 3. HP: 35/35 MP: 9/9
   448 | D:1      | Reached skill level 5 in Spellcasting
   449 | D:1      | Reached * piety under Vehumet
   449 | D:1      | Offered knowledge of Freeze by Vehumet.
   748 | D:1      | Reached skill level 1 in Invocations
  1039 | D:2      | Found a shimmering altar of Xom.
  1171 | D:2      | Reached skill level 1 in Short Blades
  1171 | D:2      | Reached skill level 1 in Long Blades
  1171 | D:2      | Reached skill level 1 in Axes
  1171 | D:2      | Reached skill level 1 in Maces & Flails
  1171 | D:2      | Reached skill level 1 in Polearms
  1171 | D:2      | Reached skill level 1 in Staves
  1171 | D:2      | Reached skill level 1 in Slings
  1171 | D:2      | Reached skill level 1 in Bows
  1171 | D:2      | Reached skill level 1 in Crossbows
  1171 | D:2      | Reached skill level 1 in Throwing
  1171 | D:2      | Reached skill level 1 in Armour
  1171 | D:2      | Reached skill level 1 in Stealth
  1171 | D:2      | Reached skill level 1 in Shields
  1171 | D:2      | Reached skill level 1 in Evocations
  1319 | D:2      | Reached XP level 4. HP: 41/41 MP: 11/11
  1697 | D:2      | Reached skill level 1 in Conjurations
  1697 | D:2      | Reached skill level 1 in Hexes
  1697 | D:2      | Reached skill level 1 in Charms
  1697 | D:2      | Reached skill level 1 in Summonings
  1697 | D:2      | Reached skill level 1 in Necromancy
  1697 | D:2      | Reached skill level 1 in Translocations
  1697 | D:2      | Reached skill level 1 in Transmutations
  1697 | D:2      | Reached skill level 1 in Fire Magic
  1697 | D:2      | Reached skill level 1 in Ice Magic
  1697 | D:2      | Reached skill level 1 in Air Magic
  1697 | D:2      | Reached skill level 1 in Earth Magic
  1697 | D:2      | Reached skill level 1 in Poison Magic
  1939 | D:3      | Reached XP level 5. HP: 45/47 MP: 12/12
  1977 | D:3      | Reached ** piety under Vehumet
  2034 | D:3      | Offered knowledge of Shock by Vehumet.
  2043 | D:3      | Noticed an ogre
  2061 | D:3      | Killed an ogre
  2061 | D:3      | Reached XP level 6. HP: 36/53 MP: 13/13
  2081 | D:3      | Learned a level 1 spell: Shock
  2649 | D:3      | Offered knowledge of Stone Arrow by Vehumet.
  2657 | D:3      | Slain by an ogre
  2658 | D:3      | Reached XP level 5. HP: -1/47 MP: 9/12
  2852 | D:4      | Noticed an ice beast
  2870 | D:4      | Killed an ice beast
  2870 | D:4      | Reached XP level 6. HP: 44/53 MP: 12/14
  2925 | D:4      | Upgraded the game from bcrawl-1.19.2-6-g6a88ae04c9 to
                  | bcrawl-1.20
  2952 | D:4      | Learned a level 3 spell: Stone Arrow
  3107 | D:4      | Reached XP level 7. HP: 59/60 MP: 11/15
  3193 | D:4      | Noticed Edmund
  3210 | D:4      | Killed Edmund
  3611 | D:4      | Found a staircase to the Ecumenical Temple.
  3964 | D:4      | Found a shimmering blue altar of Sif Muna.
  4043 | D:5      | Entered Level 5 of the Dungeon
  4078 | D:5      | Noticed a troll
  4108 | D:4      | HP: 2/60 [troll (5)]
  4549 | D:5      | Reached XP level 8. HP: 48/67 MP: 6/16
  4854 | D:5      | Noticed a hippogriff
  4864 | D:5      | Killed a hippogriff
  5058 | D:5      | Found a glowing silver altar of Zin.
  5058 | D:5      | Noticed a yak
  5058 | D:5      | Noticed a yak
  5060 | D:5      | Noticed a yak
  5066 | D:5      | Noticed a yak
  5078 | D:5      | Killed a yak
  5082 | D:5      | Killed a yak
  5084 | D:5      | Killed a yak
  5084 | D:5      | Reached XP level 9. HP: 34/73 MP: 5/18
  5115 | D:5      | Found an ancient bone altar of Kikubaaqudgha.
  5116 | D:5      | Found a blossoming altar of Fedhas.
  5116 | D:5      | Found a shattered altar of Ashenzari.
  5669 | D:6      | Reached *** piety under Vehumet
  5899 | D:6      | Noticed Grinder
  5903 | D:6      | Killed Grinder
  6015 | D:6      | Got a crude leather armour
  6029 | D:6      | Identified the +0 leather armour of the Cockatrice {rElec
                  | rCorr Dex-4} (You found it on level 6 of the Dungeon)
  6328 | D:6      | Found a snail-covered altar of Cheibriados.
  6528 | D:6      | Found an iron altar of Okawaru.
  6598 | D:7      | Found a staircase to the Lair.
  6599 | D:7      | Noticed Duvessa
  6602 | D:7      | Noticed Dowan
  6603 | D:7      | Killed Duvessa
  6626 | D:7      | Killed Dowan
  6789 | Lair:1   | Entered Level 1 of the Lair of Beasts
  6855 | Lair:1   | Reached skill level 5 in Invocations
  6861 | Lair:1   | Offered knowledge of Yara's Violent Unravelling by Vehumet.
  6867 | Lair:1   | Learned a level 4 spell: Yara's Violent Unravelling
  6878 | Lair:1   | Slain by a yak
  6879 | Lair:1   | Reached XP level 8. HP: -3/67 MP: 13/18
  6940 | Lair:1   | Noticed Gastronok
  6957 | Lair:1   | Killed a yak
  6957 | Lair:1   | Reached XP level 9. HP: 51/74 MP: 19/19
  7226 | D:$      | Got out of the dungeon alive.

Skill      XL: |  1  2  3  4  5  6  7  8  9 |
---------------+----------------------------+-----
Spellcasting   | 5 6 7 |  7.1
Invocations    | 1 2 3 4 5 |  5.3
Short Blades   | 1 2 3 4 |  4.9
Long Blades    | 1 2 3 4 |  4.9
Axes           | 1 2 3 4 |  4.9
Maces & Flails | 1 2 3 4 |  4.9
Polearms       | 1 2 3 4 |  4.9
Staves         | 1 2 3 4 |  4.9
Slings         | 1 2 3 4 |  4.9
Bows           | 1 2 3 4 |  4.9
Crossbows      | 1 2 3 4 |  4.9
Throwing       | 1 2 3 4 |  4.9
Armour         | 1 2 3 4 |  4.9
Stealth        | 1 2 3 4 |  4.9
Shields        | 1 2 3 4 |  4.9
Evocations     | 1 2 3 4 |  4.9
Conjurations   | 1 2 4 |  4.0
Hexes          | 1 2 4 |  4.0
Charms         | 1 2 4 |  4.0
Summonings     | 1 2 4 |  4.0
Necromancy     | 1 2 4 |  4.0
Translocations | 1 2 4 |  4.0
Transmutations | 1 2 4 |  4.0
Fire Magic     | 1 2 4 |  4.0
Ice Magic      | 1 2 4 |  4.0
Air Magic      | 1 2 4 |  4.0
Earth Magic    | 1 2 4 |  4.0
Poison Magic   | 1 2 4 |  4.0
Fighting       | 7 8 |  8.2
Dodging        | 7 8 |  8.2
Unarmed Combat | 7 8 |  8.2

Action                   |  1- 3 |  4- 6 |  7- 9 || total
-------------------------+-------+-------+-------++-------
Melee: Unarmed           |    72 |   150 |   125 ||   347
       Bite              |     6 |    14 |    12 ||    32
       Punch             |     2 |     6 |     3 ||    11
       Rapier            |    11 |    25 |       ||    36
 Cast: Shock             |       |    28 |    66 ||    94
       Stone Arrow       |       |       |    40 ||    40
  Use: Scroll            |     4 |       |       ||     4
       Potion            |       |       |     1 ||     1
 Stab: Sleeping          |     4 |     4 |     2 ||    10
  Eat: Chunk             |     1 |     5 |     8 ||    14
       Ration            |       |       |     1 ||     1
Armor: Steam dragon scal |    16 |    33 |       ||    49
       Robe              |       |     4 |    22 ||    26
Dodge: Dodged            |    51 |   119 |   106 ||   276
